 Dungeon Crawl Stone Soup version 0.28-a0-991-g956f0ee3d5 (webtiles) character file.

Game seed: 11386026666013997069

212 demibob the Twirler (level 5, -11/39 HPs)
             Began as a Demonspawn Gladiator on Dec 5, 2021.
             Was a Believer of Sif Muna.
             Mangled by a hornet (13 damage)
             ... on level 4 of the Dungeon.
             The game lasted 00:04:00 (3152 turns).

demibob the Twirler (Demonspawn Gladiator)          Turns: 3152, Time: 00:04:00

Health: -11/39     AC: 14    Str: 16    XL:     5   Next: 58%
Magic:  5/5        EV: 12    Int:  9    God:    Sif Muna [**....]
Gold:   148        SH:  0    Dex: 15    Spells: 1/4 levels left

rFire   . . .      SeeInvis .   a - +0 quarterstaff (protect)
rCold   . . .      Faith    .   (shield currently unavailable)
rNeg    . . .      Spirit   .   g - +0 robe
rPois   .          Reflect  .   c - +1 helmet
rElec   .          Harm     .   (no cloak)
rCorr   .          Rampage  .   f - +0 pair of gloves
Will    .....                   (no boots)
Stlth   +.........              (no amulet)
HPRegen 0.13/turn               (no ring)
MPRegen 0.09/turn               (no ring)

@: lethally poisoned (-11 -> -15), under a protective aura, slowed, very slow
A: rugged brown scales 2, weakness stinger 2
a: Renounce Religion, Channel Magic


You were on level 4 of the Dungeon.
You worshipped Sif Muna.
Sif Muna was pleased with you.
You visited 1 branch of the dungeon, and saw 4 of its levels.

You collected 148 gold pieces.


Innate Abilities, Weirdness & Mutations

You are mostly covered in rugged brown scales. (AC +2, +5% HP)
You have a tail ending in a sharp stinger.


   Skills:
 - Level 2.0 Fighting
 + Level 5.4 Staves
 - Level 1.7 Throwing
 - Level 2.6 Dodging
 + Level 0.2 Spellcasting
 + Level 1.7 Summonings


You had one spell level left.
You knew the following spells:

 Your Spells              Type           Power      Damage    Failure   Level
c - Call Canine Familiar  Summ           3%         N/A       52%         3

Your spell library contained the following spells:

 Spells                   Type           Power      Damage    Failure   Level
 Sandblast                Erth           0%         2d4       38%         1
 Slow                     Hex            0%         N/A       38%         1
 Passwall                 Tmut/Erth      0%         N/A       52%         2
 Confusing Touch          Hex            0%         N/A       77%         3
 Portal Projectile        Hex/Tloc       0%         N/A       77%         3
 Stone Arrow              Conj/Erth      0%         3d7       77%         3
 Vampiric Draining        Necr           0%         2d6       77%         3
 Leda's Liquefaction      Hex/Erth       0%         N/A       99%         4

Inventory:

Hand Weapons
 a - a +0 quarterstaff of protection (weapon)
Missiles
 d - a throwing net (quivered) {=f}
Armour
 c - a +1 helmet (worn)
 f - a +0 pair of gloves (worn)
 g - a +0 robe (worn)
Wands
 l - a wand of digging (1)
Potions
 e - a potion of ambrosia
 h - a potion of attraction

Dungeon Overview and Level Annotations

Branches:
Dungeon (4/15)             Temple (0/1) D:4

Altars:
Gozag
Okawaru
Sif Muna

#.....#..........#
#.....#.)........+
#.....#..........#
#.....#..........#
#.....#..........#
#.....#..........#
#######..###.....######
.........###.....##
.....#.@..#.......#
▒... #.y..#.......# ...
▒▒▒ +....#.......+ ...
#.####.##...## .... #.
###.#######..... ..
#....#....#..... ..
#....#.......... ...
#....#...8>8....
#...#..#.##..##.


You could see a hornet.


Message History

The hornet misses you.
You miss the hornet.
Your tail-slap misses the hornet.
The hornet is heavily wounded.
The hornet stings you but does no damage.
The hornet misses you.
You sock the hornet!
The hornet is severely wounded.
The hornet stings you.
You are poisoned.
You feel yourself slow down.
You hit the hornet but do no damage.
Your tail-slap misses the hornet.
The hornet is severely wounded.
You feel yourself speed up.
You feel very sick. The hornet closely misses you. The hornet stings you!
* * * LOW HITPOINT WARNING * * *
You feel yourself slow down. The hornet stings you!
* * * LOW HITPOINT WARNING * * *
You feel as though you will be slow longer.
Okay, then.
Enter note: okay Use which ability? (? or * to list)
You can't do that.
Okay, then.
You closely miss the hornet.
The hornet is severely wounded.
* * * LOW HITPOINT WARNING * * *
You feel sick. The hornet stings you!
You die...

Skill      XL: |  1  2  3  4  5 |
---------------+----------------+-----
Staves         | 3 4 5 |  5.4
Summonings     | 1 |  1.7
Fighting       | |  2.0
Throwing       | |  1.7
Dodging        | |  2.6
Spellcasting   | |  0.2

Action                   |  1- 3 |  4- 6 || total
-------------------------+-------+-------++-------
Melee: Quarterstaff      |    89 |   104 ||   193
       Tailslap          |     7 |     8 ||    15
Throw: Throwing net      |       |     2 ||     2
  Use: Scroll            |     6 |     4 ||    10
       Potion            |     2 |     2 ||     4
 Stab: Sleeping          |       |     2 ||     2
       Invisible         |       |     2 ||     2
Armor: Leather armour    |    34 |    25 ||    59
       Robe              |       |     7 ||     7
Dodge: Dodged            |    67 |    62 ||   129

Levels and vault maps discovered:
D:1:      wander_arrival_fairy_ring, layout_loops_ring, minmay_hexomino_f4
D:2:      layout_basic, hellmonk_ecumenical_altar_blasted, uniq_robin,
          uniq_jessica
D:3:      layout_basic, okawaru_altar_gauntlet_db,
          nicolae_overflow_crystal_walls, minmay_misc_feat_square
D:4:      layout_gridville, minmay_overflow_temple_star_quad, temple_statues

Notes
Turn   | Place    | Note
-------+----------+-------------------------------------------
     0 | D:1      | demibob the Demonspawn Gladiator began the quest for the
                  | Orb.
     0 | D:1      | Reached XP level 1. HP: 16/16 MP: 1/1
   205 | D:1      | Reached skill level 3 in Staves
   441 | D:1      | Gained mutation: You have a small tail. [demonic ancestry]
   441 | D:1      | Reached XP level 2. HP: 22/22 MP: 2/2
   931 | D:2      | Noticed Robin
   942 | D:2      | Gained mutation: You have a tail ending in a sharp stinger.
                  | [demonic ancestry]
   942 | D:2      | Reached XP level 3. HP: 27/27 MP: 3/3
   957 | D:1      | Reached skill level 4 in Staves
  1215 | D:1      | Killed Robin
  1442 | D:2      | Gained mutation: You are partially covered in rugged brown
                  | scales. (AC +1, +3% HP) [demonic ancestry]
  1442 | D:2      | Reached XP level 4. HP: 27/33 MP: 4/4
  1679 | D:2      | Found a faded altar of an unknown god.
  1874 | D:2      | Noticed Jessica
  1884 | D:2      | Killed Jessica
  1885 | D:2      | Reached skill level 5 in Staves
  1911 | D:2      | Prayed at the altar of an unknown god.
  1911 | D:2      | Became a worshipper of Sif Muna the Loreminder
  1911 | D:2      | Reached * piety under Sif Muna
  2083 | D:2      | Learned a level 3 spell: Call Canine Familiar
  2277 | D:3      | Gained mutation: You are mostly covered in rugged brown
                  | scales. (AC +2, +5% HP) [demonic ancestry]
  2277 | D:3      | Reached XP level 5. HP: 30/39 MP: 5/5
  2434 | D:3      | Reached skill level 1 in Summonings
  2628 | D:3      | Found an opulent altar of Gozag.
  2834 | D:3      | Found an iron altar of Okawaru.
  3103 | D:4      | Found a staircase to the Ecumenical Temple.
  3125 | D:4      | Reached ** piety under Sif Muna
  3138 | D:4      | Noticed a hornet
  3152 | D:4      | >>okay
  3152 | D:4      | HP: 2/39 [poisoned by a hornet]
  3152 | D:4      | Mangled by a hornet

Vanquished Creatures
  An orc priest (D:3)
  Jessica (D:2)
  Robin (D:1)
  A gnoll (D:3)
  3 adders
  3 worms (D:2)
  A dart slug (D:3)
  6 orcs (D:3)
  10 ball pythons
  13 endoplasms
  4 giant cockroaches
  14 goblins
  7 hobgoblins
  2 quokkas (D:1)
  3 bats
  3 frilled lizards
  10 kobolds
  4 rats
87 creatures vanquished.

Table legend: (Time is in decaauts)
 A = Elapsed time spent in this place.
 B = Non-inter-level travel time spent in this place.
 C = Inter-level travel time spent in this place.
 D = Time resting spent in this place.
 E = Time spent auto-exploring this place.
 F = Levels seen in this place.
 G = Mean time per level.
                   A        B        C        D        E       F      G
               +--------+--------+--------+--------+--------+-----+--------+
         Total |   3179 |   3053 |    126 |    312 |   2216 |   4 |  794.8 |
       Dungeon |   3179 |   3053 |    126 |    312 |   2216 |   4 |  794.8 |
               +--------+--------+--------+--------+--------+-----+--------+

Top non-repeatable levels by time:
     D:1: 1285 daAuts
     D:2: 941 daAuts
     D:3: 898 daAuts
     D:4: 53 daAuts

Table legend:
 A = Non-vault XP
 B = Vault XP
 C = Vault XP percentage of total XP
 D = Non-vault monster count
 E = Vault monster count
 F = Vault count percentage of total count
                 A         B        C        D         E       F
            +---------+---------+-------+---------+---------+-------
      Total |     195 |     108 |  35.6 |      64 |      23 |  26.4
            +---------+---------+-------+---------+---------+-------
        D:1 |      33 |      32 |  49.2 |      21 |      10 |  32.3
        D:2 |      60 |      49 |  45.0 |      23 |       7 |  23.3
        D:3 |      99 |      27 |  21.4 |      18 |       6 |  25.0
        D:4 |       3 |       0 |   0.0 |       2 |       0 |   0.0
            +---------+---------+-------+---------+---------+-------
